Workbook
Name _Hlk86829056: 'B4.C4'!#REF!

Sheet Intro
A1: How to use
A2: 1. save a copy of this checklist into your WIP. Do not amend this document (including deleting tabs) without doing this first as deleting tabs cannot be undone.
A3: 2. select what tabs you need to keep/delete based on the application type you are determining. See below for types
A4: 3. on each non-supporting documents tab select the application type on the filtered section, and hide the options
A5: 4. read each question and applicable drafting notes (in pink) carefully, as some of the questions have changed. Remember to delete the drafting notes before saving the final version to the DMS
A6: 5. the checklist will record the number of "no" answers on each tab and summarise them on the decisions and actions tab. As a certain number of "no" answers will trigger a returned application, this means that some answers will have to be "n/a" to avoid incorrectly returning an application.
A7: 6. any "no" that is highlighted as red will trigger a returned application
A10: Type | B10: Drafting note | C10: Tabs
A11: New Bespoke Extractive Waste | B11: Select this for all new Tier 2 and Tier 3 bespoke mining waste permit applications. For standard rule mining waste permit applications use the standard rule permit option. | C11: Details Dates Doc and info check Part A Part F1 Part B1/C1 Part B2/C2 Part B5/C5 Decision and actions required Relevant supporting doc tab(s)
A12: New Bespoke Tier 2 | B12: Select this for all new Tier 2 bespoke applications, that are not mining waste. | C12: Details Dates Doc and info check Part A Part F1 Part B2/C2 Part B4/C4 Decision and actions required Relevant supporting doc tab(s)
A13: New Bespoke Tier 3 | B13: Select this for all new tier 3 bespoke applications, that are not mining waste. For bespoke application that also include standard rule activities, use the SRP option as well. | C13: Details Dates Doc and info check Part A Part F1 Part B1/C1 Part B2/C2 Part B4/C4 Decision and actions required Relevant supporting doc tab(s)
A14: SRP- New and Var | B14: Select this for all new standard rule applications, you can also use this option for variation applications to add OR to become a standard rule activity. These are separate columns on the Part B1.C1 tab, but a single column on all other tabs. For new standard rule applications that also include bespoke activities, use the bespoke T3 option as well. If the application is for SR2012 No15 then you should send a draft permit to the applicant and get them to review and confirm the PERMIT boundary. | C14: Details Dates Doc and info check Part A Part F1 Part B1/C1 Decision and actions required Relevant supporting doc tab(s)
A15: Variation Admin | B15: Select this for administrative variations only. Use the other variation options for all other variations, except those to vary to become/ add a standard rule set to an existing permit. For applications to vary to become/ add a standard rule set use the standard rule option. | C15: Details Dates Doc and info check Part A Part C0.5 Decision and actions required Relevant supporting doc tab(s)
A16: Variation MT and Normal | B16: Select this for all variation applications except those involving rule sets or administrative variations. If the application is to add or vary or to become a standard rule facility, and other changes, use the SRP option as well. | C16: Details Dates Doc and info check Part A Part F1 Part B1/C1 Part B2/C2 Part B4/C4 Decision and actions required Relevant supporting doc tab(s)
A17: Variation MT- SRP | B17: Select this for Minor Technical variations to increase the permitted area of Standard Rules Permits only. These were previously administrative but now chargeable. | C17: Details Dates Doc and info check Part A Part F1 Part C0.5 Decision and actions required Relevant supporting doc tab(s)
A18: Transfer | B18: Select this for all transfer applications – both full and partial. | C18: Details Dates Doc and info check Part A Part F1 Part D2 Decision and actions required Relevant supporting doc tab(s)
A19: Surrender- Site | B19: Select this for all waste facility and non-installation mining waste activity surrender applications. The checklist can be used for all types of surrender application; full (normal), partial, low risk, basic and ‘non-operational’. Do not use this option for surrender of mobile plant permits. Use the mobile plant permit surrender notification option instead. | C19: Details Dates Doc and info check Part A Part F1 Part E2 Decision and actions required Relevant supporting doc tab(s)
A20: Surrender Mobile Plant | B20: Select this for all waste mobile plant permit surrender notifications. Do not use this checklist for surrender of site based waste permits. Surrender of site based permits must follow the application process; their surrender cannot be carried out by notification. Use the surrender-site option instead. | C20: Details Dates Doc and info check Part A Part F1 Part E2 Decision and actions required Relevant supporting doc tab(s)

Sheet Details & Dates
A1: Application details
A2: PAN reference | B2: PAN-019748
A3: EPR reference | B3: N/A
A4: Applicant name | B4: ReCover Blaenavon Limited (08786986)
A5: Facility name | B5: Recover Blaenavon Ltd Kays and Kears Industrial Estate Blaenavon Torfaen NP4 9AZ (SO 24473 09469)
A6: Area | B6: South East
A7: Operations Team | B7: South East
A8: Site officer/team leader | B8: SE.waste.queries@cyfoethnaturiolcymru.gov.uk
A9: Time recording | B9: 1770
A11: Relevant dates | C11: New Bespoke Extractive Waste | D11: New Bespoke Tier 2 | E11: New Bespoke Tier 3 | F11: SRP- New or Var | G11: Variation Admin | H11: Variation MT and Normal | I11: Variation MT- SRP | J11: Transfer | K11: Surrender- Site | L11: Surrender MP
A12: Date application arrived in NRW | B12: 31/10/2022 - 16/01/2023 | C12: Y | D12: Y | E12: Y | F12: Y | G12: Y | H12: Y | I12: Y | J12: Y | K12: Y | L12: Y
A13: Date application acknowledged | B13: 44867 | C13: Y | D13: Y | E13: Y | F13: Y | G13: Y | H13: Y | I13: Y | J13: Y | K13: Y | L13: Y
A14: Date not duly made (information request sent) | B14: 44963 | C14: Y | D14: Y | E14: Y | F14: Y | G14: Y | H14: Y | I14: Y | J14: Y | K14: Y | L14: Y
A15: Date of any additional not duly made requests | B15: 22/02/23 (fee) 23/02/23 (information) | C15: Y | D15: Y | E15: Y | F15: Y | G15: Y | H15: Y | I15: Y | J15: Y | K15: Y | L15: Y
A16: Date duly made The duly made date is either (i) the date the application was originally received at Natural Resources Wales in the event of no additional information being requested during the duly make process. OR (ii) the date at which the final piece of additional information requested during the duly make process is received | B16: 44984 | C16: Y | D16: Y | E16: Y | F16: Y | G16: Y | H16: Y | I16: Y | J16: Y | K16: Y | L16: Y
A17: Date returned to applicant or deemed withdrawn | B17: n/a | C17: Y | D17: Y | E17: Y | F17: Y | G17: Y | H17: Y | I17: Y | J17: Y | K17: Y | L17: Y
A18: Date applicant sent duly made confirmation | B18: 44986 | C18: Y | D18: Y | E18: Y | F18: Y | G18: Y | H18: Y | I18: Y | J18: Y | K18: Y | L18: Y
A19: Date sent to external consultees (if applicable) | B19: TBC- requested 02/03/2023 | C19: Y | D19: N | E19: Y | F19: N | G19: N | H19: Y | I19: Y | J19: N | K19: Y | L19: N
A20: Date application publicised on Website | B20: TBC- requested 02/03/2023 | C20: N | D20: N | E20: Y | F20: N | G20: N | H20: Y | I20: Y | J20: N | K20: Y | L20: N
A21: Date advert placed in newspaper (if applicable) | B21: n/a | C21: N | D21: N | E21: Y | F21: N | G21: N | H21: Y | I21: Y | J21: N | K21: Y | L21: N
A22: Date application publicised on Natural Resources Wales Website and on Social Media (Twitter and Facebook Page) | C22: Y | D22: N | E22: N | F22: N | G22: N | H22: N | I22: N | J22: N | K22: N | L22: N
A23: Date advert placed in newspaper (if applicable) | C23: Y | D23: N | E23: N | F23: N | G23: N | H23: N | I23: N | J23: N | K23: N | L23: N
A24: Date email sent to MP’s /AM’s (if required and agreed by the Area) | C24: Y | D24: N | E24: N | F24: N | G24: N | H24: N | I24: N | J24: N | K24: N | L24: N

Sheet Doc's & info
A1: Documents and information checklist: | D1: New Bespoke Extractive Waste | E1: New Bespoke Tier 2 | F1: New Bespoke Tier 3 | G1: SRP- New or Var | H1: Variation Admin | I1: Variation MT and Normal | J1: Variation MT- SRP | K1: Transfer | L1: Surrender- Site | M1: Surrender Mobile Plant
B2: Yes/No/NA | C2: Comments | D2: Y | E2: Y | F2: Y | G2: Y | H2: Y | I2: Y | J2: Y | K2: Y | L2: Y | M2: Y
A3: Environment Management System summary | B3: Yes | C3: CAP_Environmental Management System_v1_Oct 22 See tab for assessment | D3: Y | E3: N | F3: Y | G3: N | H3: Y | I3: Y | J3: N | K3: Y | L3: N | M3: N | O3: Yes
A4: Non technical summary | B4: Yes | C4: CAP_non-technical summary | D4: Y | E4: N | F4: Y | G4: N | H4: Y | I4: Y | J4: N | K4: Y | L4: Y | M4: N | O4: No
A5: Site plan | B5: Yes | C5: CAP_site plan | D5: Y | E5: Y | F5: Y | G5: Y | H5: Y | I5: Y | J5: Y | K5: Y | L5: Y | M5: N | O5: N/A
A6: Site specific risk assessment | B6: Yes | C6: CAP_Environmental_RA_final_v1_Oct 22 See tab for assessment | D6: Y | E6: Y | F6: Y | G6: N | H6: N | I6: Y | J6: N | K6: Y | L6: N | M6: N
A7: Site condition report | B7: Yes | C7: CAP_Site Condition Report_v1 Oct 22 | D7: Y | E7: N | F7: Y | G7: N | H7: N | I7: Y | J7: N | K7: N | L7: N | M7: N
A8: Odour management plan | B8: N/A | D8: Y | E8: N | F8: Y | G8: N | H8: N | I8: Y | J8: N | K8: Y | L8: N | M8: N
A9: Waste Recovery Plan | B9: N/A | D9: N | E9: N | F9: Y | G9: Y | H9: N | I9: Y | J9: N | K9: N | L9: N | M9: N
A10: Fire prevention mitigation plan | B10: Yes | C10: CAP_FPMP_v1 Oct 22 FPMP_site plan_v1 Oct 22 See tab for assessment | D10: N | E10: N | F10: Y | G10: N | H10: N | I10: Y | J10: N | K10: N | L10: N | M10: N
A11: Noise impact assessment and management plan | B11: Yes | C11: CAP_22-475 Capital Valley Plastics & Recycling_NIA Oct 22 CAP_NMP_v1 Oct 22 See tab for assessment | D11: N | E11: N | F11: Y | G11: N | H11: N | I11: Y | J11: N | K11: N | L11: N | M11: N
A12: Waste Management Plan | C12: Part Transfer: Only needed if the new holder isn’t/ can’t use the existing management system. | D12: Y | E12: N | F12: N | G12: N | H12: N | I12: N | J12: N | K12: N | L12: N | M12: N
A13: Other management plans | B13: N/A | D13: Y | E13: N | F13: Y | G13: N | H13: N | I13: Y | J13: N | K13: Y | L13: N | M13: N
A14: Technical competence information Including continuing competence evidence, if needed | B14: Yes | C14: WAMITAB winzip file: - HROC 6 original certificates - CC cert 1_haz - CC cert 2_non haz - CC cert 3_haz See tab for assessment | D14: Y | E14: Y | F14: Y | G14: Y | H14: N | I14: Y | J14: N | K14: Y | L14: N | M14: N
A15: Financial information | B15: N/A | D15: N | E15: Y | F15: Y | G15: Y | H15: N | I15: Y | J15: N | K15: N | L15: N | M15: N
A16: Financial Provision information | B16: N/A | D16: Y | E16: N | F16: Y | G16: N | H16: N | I16: Y | J16: N | K16: Y | L16: N | M16: N
A17: Relevant conviction information | B17: N/A | D17: Y | E17: Y | F17: Y | G17: N | H17: N | I17: N | J17: N | K17: N | L17: N | M17: N
A18: OPRA spreadsheet (electronic format) | B18: Yes | C18: CAP_OPRA_final See Tab for assessment | D18: Y | E18: N | F18: Y | G18: N | H18: N | I18: Y | J18: N | K18: Y | L18: Y | M18: N
A19: Fee | B19: Yes | C19: Transaction number: 2107904 Date: 31/10/2022 Ref: BS/311022/45 CAPITAL VALLEY EPRRADBARC Amount: 2,800.00 | D19: Y | E19: Y | F19: Y | G19: Y | H19: N | I19: Y | J19: Y | K19: Y | L19: Y | M19: Y | N19: Additonal fee: Trasnaction number: 2112240 Date: 22/02/2023 Ref: BS/220223/16 RIVENDELL - ASDA RECOVER BLAENAVON Amount: 350.00
A20: Industrial Emissions Directive (IED) Activity Is the activity/ies that the applicant has applied for subject to the Industrial Emissions Directive? These activities include: - Pre-treatment of waste for incineration and co-incineration - Storage of hazardous waste - Biological treatment of waste (i.e. composting and anaerobic digestion) - Treatment of slags and ashes - Treatment of metal in shredders | B20: N/A | C20: None of the proposed activities are subject to IED | D20: N | E20: N | F20: Y | G20: N | H20: N | I20: Y | J20: N | K20: N | L20: N | M20: N
A21: If it is an IED activity, has the applicant provided information to demonstrate how they will comply with the relevant limits and therefore be able to remain as a waste facility? | B21: N/A | D21: N | E21: N | F21: Y | G21: N | H21: N | I21: Y | J21: N | K21: N | L21: N | M21: N
A22: Evidence to support basic surrender | C22: Surrender- site: only if operator claiming basic surrender | D22: N | E22: N | F22: N | G22: N | H22: N | I22: N | J22: N | K22: N | L22: Y | M22: N
A23: Evidence to support low risk surrender | C23: Surrender- site: only if operator claiming low risk surrender | D23: N | E23: N | F23: N | G23: N | H23: N | I23: N | J23: N | K23: N | L23: Y | M23: N
A24: Evidence to support non-operational surrender | C24: Surrender- site: only if operator claims activities haven’t started | D24: N | E24: N | F24: N | G24: N | H24: N | I24: N | J24: N | K24: N | L24: Y | M24: N
A25: Evidence to support full/normal surrender | C25: Surrender- site: only if operator claiming full/normal i.e. has reference data been submitted) | D25: N | E25: N | F25: N | G25: N | H25: N | I25: N | J25: N | K25: N | L25: Y | M25: N
A26: Site closure/ surrender report | C26: Surrender- site: The content of this report should enable us to confirm the area being surrendered matches the relevant permitted area. | D26: N | E26: N | F26: N | G26: N | H26: N | I26: N | J26: N | K26: N | L26: Y | M26: N
A27: Report on ‘steps taken to avoid pollution/ return the site to satisfactory sate’. | D27: N | E27: N | F27: N | G27: N | H27: N | I27: N | J27: N | K27: N | L27: Y | M27: N
A28: Site plan showing area being surrendered | D28: N | E28: N | F28: N | G28: N | H28: N | I28: N | J28: N | K28: N | L28: Y | M28: N
A29: Parts C1/ C2 &C4 of our application form(s) | C29: Surrender- site- part: Only where the part surrender will require changes to the permit conditions – not just the site plan. | D29: N | E29: N | F29: N | G29: N | H29: N | I29: N | J29: N | K29: N | L29: Y | M29: N
A30: Appropriate forms submitted to the WR or WQ teams? | D30: Y | E30: N | F30: N | G30: N | H30: N | I30: N | J30: N | K30: N | L30: N | M30: N
A31: Has geoscience made any comment on the WQ/WR forms that may be considered in determination? | D31: Y | E31: N | F31: N | G31: N | H31: N | I31: N | J31: N | K31: N | L31: N | M31: N
A32: Documents provided? | B32: =100-(100*(COUNTIF(B3:B31,"No"))/((COUNTIF(B3:B31,"Yes"))+(COUNTIF(B3:B31,"No")))) -> 100 | D32: Y | E32: Y | F32: Y | G32: Y | H32: Y | I32: Y | J32: Y | K32: Y | L32: Y | M32: Y
A34: Other documents provided | C34: CAP_submitted docs
C35: confirmation for Gareth to sign for Radbar.
C36: part-a_form_final (8)
C37: part-b2_form-v3_final
C38: part-b4_form-v2_final (2)
C39: part-f1_form-v3_final (6)
A41: Documents provided 17/02/23 in response to NDM email | C41: CAP_22-475 Recover Blaenavon_NIA_v2
C42: CAP_Environmental Management System_v2_Feb 23
C43: CAP_Environmental_RA_final_v2_Feb 23
C44: CAP_FPMP_v2 Feb 23
C45: FPMP_site plan_v2 Feb 23
C46: Instruction & Authorisation - Environmental Permit Application
C47: part-b2_form-v3_final
C48: part-b4_form-v2_final (2)
C49: part-f1_form-v3_final (6)
C50: Product-Performance-Document-–-Fire-Safety-of-Interlocking-Concrete-Blocks

Sheet A
A1: Application form Part A – applicant/ operator details
A2: Qu # | B2: Action | C2: Yes/No/NA | D2: Comments | F2: Yes
A3: 1 to 5 | B3: Applicant details complete? | C3: Yes | F3: No
A4: 6 | B4: Address details complete? | C4: Yes | F4: N/A
A5: 6 | B5: Registered companies only. Is it registered and active on Companies House? | C5: Yes | D5: Date checked: 24/01/2023
A6: 7 | B6: Contact details complete? | C6: Yes
B7: Is the applicant a legal person as per definition of ‘operator’? | C7: Yes
B8: Part A complete? | C8: =100-(100*(COUNTIF(C3:C7,"No"))/((COUNTIF(C3:C7,"Yes"))+(COUNTIF(C3:C7,"No")))) -> 100

Sheet F1
A1: Application form Part F1 - Initial checks, including payment, confidentiality, national security and declaration | E1: New Bespoke Extractive Waste | F1: New Bespoke Tier 2 | G1: New Bespoke Tier 3 | H1: SRP- New or Var | I1: Variation Admin | J1: Variation MT and Normal | K1: Variation MT- SRP | L1: Transfer | M1: Surrender- Site | N1: Surrender Mobile Plant
A2: Qu # | B2: Action | C2: Yes/No/NA | D2: Comments | E2: Y | F2: Y | G2: Y | H2: Y | I2: N | J2: Y | K2: Y | L2: Y | M2: Y | N2: Y
A3: 1 | B3: Table 1 Complete? | C3: Yes | E3: Y | F3: Y | G3: Y | H3: Y | I3: N | J3: Y | K3: Y | L3: Y | M3: Y | N3: Y | P3: Yes
A4: 1 | B4: Has the correct application type/ fee been identified? | C4: No | D4: See OPRA tab | E4: Y | F4: Y | G4: Y | H4: Y | I4: N | J4: Y | K4: Y | L4: Y | M4: Y | N4: Y | P4: No
A5: 2 | B5: Has the OPRA profile been provided? | C5: Yes | E5: Y | F5: Y | G5: Y | H5: Y | I5: N | J5: Y | K5: N | L5: Y | M5: Y | N5: Y | P5: N/A
A6: 2 | B6: Has the OPRA profile been provided on Excel? | C6: Yes | E6: Y | F6: Y | G6: Y | H6: Y | I6: N | J6: Y | K6: N | L6: Y | M6: Y | N6: Y
A7: 3 | B7: Is the payment type shown? | C7: Yes | E7: Y | F7: Y | G7: Y | H7: Y | I7: N | J7: Y | K7: Y | L7: Y | M7: Y | N7: Y
A8: 3 | B8: Have the payment details been completed? | C8: Yes | E8: Y | F8: Y | G8: Y | H8: Y | I8: N | J8: Y | K8: Y | L8: Y | M8: Y | N8: Y
A9: 3 | B9: Is the payment on MyNRW? | C9: Yes | E9: Y | F9: Y | G9: Y | H9: Y | I9: N | J9: Y | K9: Y | L9: Y | M9: Y | N9: Y
A10: 5 | B10: Confidentiality: If the applicant has asked information to be treated as confidential, has the required evidence been provided? | C10: N/A | E10: Y | F10: Y | G10: Y | H10: Y | I10: N | J10: Y | K10: Y | L10: Y | M10: Y | N10: Y
A11: 5 | B11: National Security: If the applicant has stated information should not be on the public register due to National Security risk, has the letter from the Welsh Ministers confirming this been provided? | C11: N/A | E11: Y | F11: Y | G11: Y | H11: Y | I11: N | J11: Y | K11: Y | L11: Y | M11: Y | N11: Y
A12: 6 | B12: Box been ticked to show correct fee is included? | C12: Yes | E12: Y | F12: Y | G12: Y | H12: Y | I12: N | J12: Y | K12: Y | L12: Y | M12: Y | N12: Y
B13: Is the application checklist complete? | C13: Yes | D13: separate document: CAP_submitted documents All documents on the list have been provided | E13: Y | F13: Y | G13: Y | H13: Y | I13: N | J13: Y | K13: Y | L13: Y | M13: Y | N13: Y
A14: 7a | B14: If not a relevant person; is box ticked to confirm authorisation is given? | C14: Yes | D14: Document: confirmation for Gareth to sign for Radbar. Signed by Roger Philips, however he resigned as director in November 2022 so this authorisation is invalid | E14: Y | F14: Y | G14: Y | H14: Y | I14: N | J14: Y | K14: Y | L14: Y | M14: Y | N14: Y | O14: Resolved 17/02/23
A15: 7b | B15: If the application a standard facility; is box ticked to confirm SRP criteria is met? | C15: N/A | E15: Y | F15: Y | G15: Y | H15: Y | I15: N | J15: Y | K15: Y | L15: Y | M15: Y | N15: Y
A16: 7c | B16: If application includes ecological survey information; is box ticked to confirm it can be used as set out in guidance | C16: N/A | E16: Y | F16: Y | G16: Y | H16: Y | I16: N | J16: Y | K16: Y | L16: Y | M16: Y | N16: Y
A17: 7d | B17: Is the declaration complete? | C17: Yes | E17: Y | F17: Y | G17: Y | H17: Y | I17: N | J17: Y | K17: Y | L17: Y | M17: Y | N17: Y
A18: 7d | B18: Has the correct person completed the declaration? | C18: No | D18: As above | E18: Y | F18: Y | G18: Y | H18: Y | I18: N | J18: Y | K18: Y | L18: Y | M18: Y | N18: Y | O18: Resolved 17/02/23
A19: 7d | B19: Check against relevant people for a company or LLP. | C19: No | D19: As above | E19: Y | F19: Y | G19: Y | H19: Y | I19: N | J19: Y | K19: Y | L19: Y | M19: Y | N19: Y | O19: Resolved 17/02/23
B20: Part F complete? | C20: =100-(100*(COUNTIF(C3:C19,"No"))/((COUNTIF(C3:C19,"Yes"))+(COUNTIF(C3:C19,"No")))) -> 76.923077 | E20: Y | F20: Y | G20: Y | H20: Y | I20: N | J20: Y | K20: Y | L20: Y | M20: Y | N20: Y

Sheet B2.C2
A1: Application form Part B2 – all new bespoke Application form Part C2 – bespoke variation | E1: New Bespoke Extractive Waste | F1: New Bespoke Tier 2 | G1: New Bespoke Tier 3 | H1: SRP- New or Var | I1: Variation Admin | J1: Variation MT and Normal | K1: Variation MT- SRP | L1: Transfer | M1: Surrender- Site | N1: Surrender Mobile Plant
A2: Qu # | B2: Action | C2: Yes/No/NA | D2: Comments and Document Ref. if given | E2: Y | F2: Y | G2: Y | H2: N | I2: N | J2: Y | K2: N | L2: N | M2: N | N2: N | P2: Yes
A3: 1a | B3: Have any pre-application advice case or document reference been provided? | C3: N/A | D3: No pre-app has been detailed by the applicant | E3: Y | F3: Y | G3: Y | H3: N | I3: N | J3: Y | K3: N | L3: N | M3: N | N3: N | P3: No
B4: Pre-application record found in DMS? | C4: N/A | D4: None found | E4: Y | F4: Y | G4: Y | H4: N | I4: N | J4: Y | K4: N | L4: N | M4: N | N4: N | P4: N/A
A5: 1b | B5: Option ‘site’ selected? | C5: Yes | E5: Y | F5: Y | G5: Y | H5: N | I5: N | J5: N | K5: N | L5: N | M5: N | N5: N
A6: 1b | B6: Permit number given | E6: N | F6: N | G6: N | H6: N | I6: N | J6: Y | K6: N | L6: N | M6: N | N6: N
A7: 1c | B7: Site name, address and grid reference complete? | E7: N | F7: N | G7: N | H7: N | I7: N | J7: Y | K7: N | L7: N | M7: N | N7: N
A8: 2a | B8: Site name, address and grid reference complete? | C8: Yes | D8: Site name is old company name (Radbar (Cwmavon) Ltd)- need to update. Also all supporting documents need updating as have old company name | E8: Y | F8: Y | G8: Y | H8: N | I8: N | J8: Y | K8: N | L8: N | M8: N | N8: N | O8: Resolved 17/02/23 on Part B2. Some documents updated
A9: 2b | B9: Is the number of regulated facilities given? | C9: Yes | D9: One | E9: Y | F9: Y | G9: Y | H9: N | I9: N | J9: N | K9: N | L9: N | M9: N | N9: N
A10: 2c | B10: If one facility only: has the correct operation type been selected? | C10: Yes | E10: Y | F10: Y | G10: Y | H10: N | I10: N | J10: N | K10: N | L10: N | M10: N | N10: N
A11: 2c3 | B11: Has the relevant question been answered? | C11: Yes | E11: Y | F11: Y | G11: Y | H11: N | I11: N | J11: N | K11: N | L11: N | M11: N | N11: N
A12: 2d | B12: If more than one facility: has the correct operation type been selected? | C12: N/A | E12: Y | F12: Y | G12: Y | H12: N | I12: N | J12: N | K12: N | L12: N | M12: N | N12: N
A13: 2d2 2d3 | B13: Has the relevant question been answered for each facility? | C13: N/A | E13: Y | F13: Y | G13: Y | H13: N | I13: N | J13: N | K13: N | L13: N | M13: N | N13: N
A14: 2f | B14: Is the site planning on treating batteries? | C14: N/A | D14: Not being treated | E14: Y | F14: Y | G14: Y | H14: N | I14: N | J14: N | K14: N | L14: N | M14: N | N14: N
A15: 2f | B15: If yes, is a document provided? | C15: N/A | E15: Y | F15: Y | G15: Y | H15: N | I15: N | J15: N | K15: N | L15: N | M15: N | N15: N
A16: 2a | B16: Variation type picked? | D16: For Variations see Part B4.C4 tab for the additional checks to check variation ‘type’ | E16: N | F16: N | G16: N | H16: N | I16: N | J16: Y | K16: N | L16: N | M16: N | N16: N
A17: 2b | B17: Table 1 OR non-technical summary completed for the changes? | E17: N | F17: N | G17: N | H17: N | I17: N | J17: Y | K17: N | L17: N | M17: N | N17: N
A18: 2c1 | B18: Does the applicant want a modern/consolidated permit? | D18: If "no" mark as "n/a" | E18: N | F18: N | G18: N | H18: N | I18: N | J18: Y | K18: N | L18: N | M18: N | N18: N
A19: 2c2 | B19: Multi-permit consolidations only Are all of the permit numbers listed in Table 2? | E19: N | F19: N | G19: N | H19: N | I19: N | J19: Y | K19: N | L19: N | M19: N | N19: N
A20: 2e | B20: Is the site planning on treating batteries? | D20: If "no" mark as "n/a" | E20: N | F20: N | G20: N | H20: N | I20: N | J20: Y | K20: N | L20: N | M20: N | N20: N
A21: 2e | B21: If answered yes; document reference provided? | E21: N | F21: N | G21: N | H21: N | I21: N | J21: Y | K21: N | L21: N | M21: N | N21: N
A22: 3a | B22: Relevant offences Relevant offences question complete? | C22: Yes | E22: Y | F22: Y | G22: Y | H22: N | I22: N | J22: Y | K22: N | L22: N | M22: N | N22: N
A23: 3a | B23: Relevant convictions declared? | C23: N/A | D23: None declared | E23: Y | F23: Y | G23: Y | H23: N | I23: N | J23: Y | K23: N | L23: N | M23: N | N23: N
A24: 3b1 | B24: Technical ability Has a Scheme option been selected? | C24: Yes | E24: Y | F24: Y | G24: Y | H24: N | I24: N | J24: Y | K24: N | L24: N | M24: N | N24: N
A25: 3b2 | B25: If yes; have they ticked to say they have included all certificates? | C25: Yes | D25: See tab for assessment | E25: Y | F25: Y | G25: Y | H25: N | I25: N | J25: Y | K25: N | L25: N | M25: N | N25: N
A26: 3b2 | B26: If no; have they ticked to say they have included registration evidence? | C26: N/A | E26: Y | F26: Y | G26: Y | H26: N | I26: N | J26: Y | K26: N | L26: N | M26: N | N26: N
A27: 3c | B27: Financial information Financial info complete? | C27: Yes | D27: Answered "no" | E27: Y | F27: Y | G27: Y | H27: N | I27: N | J27: Y | K27: N | L27: N | M27: N | N27: N
A28: 3c | B28: Has the applicant indicated that they are financially sound, i.e. do not need to provide financial provision for the activity? | C28: N/A | D28: Not applicable activity | E28: Y | F28: Y | G28: Y | H28: N | I28: N | J28: Y | K28: N | L28: N | M28: N | N28: N
A29: 3d1 | B29: Management system Does the management system meet the guidance? | C29: Yes | D29: See tab for assessment | E29: Y | F29: Y | G29: Y | H29: N | I29: N | J29: Y | K29: N | L29: N | M29: N | N29: N
A30: 3d2 | B30: Have they selected a type of management system? | C30: Yes | D30: Own | E30: Y | F30: Y | G30: Y | H30: N | I30: N | J30: Y | K30: N | L30: N | M30: N | N30: N
A31: 3d3 | B31: Have they provided the summary of the management system? | C31: Yes | D31: CAP_EMS_v1 See tab for assessment | E31: Y | F31: Y | G31: Y | H31: N | I31: N | J31: Y | K31: N | L31: N | M31: N | N31: N
A32: 4a | B32: Section complete? | C32: Yes | D32: Answered "no" | E32: Y | F32: Y | G32: Y | H32: N | I32: N | J32: Y | K32: N | L32: N | M32: N | N32: N
A33: 4a | B33: If yes, is a sewerage undertaker named? | C33: No | D33: However Risk Assessment states "The site drains via a combined foul line that has no connection to any surface water." | E33: Y | F33: Y | G33: Y | H33: N | I33: N | J33: Y | K33: N | L33: N | M33: N | N33: N | O33: Following phone conversation agreed part B4 question did not need to be answered, however this question still needs to be completed. Resolved 23/02/23
A34: 4b | B34: Section complete? | C34: Yes | D34: Answered "no" | E34: Y | F34: Y | G34: Y | H34: N | I34: N | J34: Y | K34: N | L34: N | M34: N | N34: N
A35: 4b | B35: If yes, is a harbour authority named? | C35: N/A | E35: Y | F35: Y | G35: Y | H35: N | I35: N | J35: Y | K35: N | L35: N | M35: N | N35: N
A36: 4c | B36: Section complete? | C36: Yes | D36: Answered "no" | E36: Y | F36: Y | G36: Y | H36: N | I36: N | J36: Y | K36: N | L36: N | M36: N | N36: N
A37: 4c | B37: If yes, is a fisheries committee named? | C37: N/A | E37: Y | F37: Y | G37: Y | H37: N | I37: N | J37: Y | K37: N | L37: N | M37: N | N37: N
A38: 4e | B38: Is the medium combustion plant or specified generator located within an Air Quality Management Area (AQMA)? | C38: N/A | E38: N | F38: Y | G38: Y | H38: N | I38: N | J38: Y | K38: N | L38: N | M38: N | N38: N
A39: 5a | B39: Site plan provided? | C39: Yes | D39: CAP_site plan | E39: Y | F39: Y | G39: Y | H39: N | I39: N | J39: Y | K39: N | L39: N | M39: N | N39: N
A40: 5b | B40: Site condition report provided? | C40: Yes | D40: CAP_SCR_v1 | E40: Y | F40: Y | G40: Y | H40: N | I40: N | J40: N | K40: N | L40: N | M40: N | N40: N
A41: 5b | B41: Does the variation include increasing permitted area? | E41: N | F41: N | G41: N | H41: N | I41: N | J41: Y | K41: N | L41: N | M41: N | N41: N
A42: 5b | B42: If yes, is a site condition report reference provided? | E42: N | F42: N | G42: N | H42: N | I42: N | J42: Y | K42: N | L42: N | M42: N | N42: N
A43: 5c | B43: Non-technical summary provided? | C43: Yes | D43: CAP_non-tech-summary | E43: Y | F43: Y | G43: Y | H43: N | I43: N | J43: N | K43: N | L43: N | M43: N | N43: N
A44: 6 | B44: Risk assessment provided? | C44: Yes | D44: CAP_ERA_V1 Missing receptors- see tab & MyMap report for full assessment | E44: Y | F44: Y | G44: Y | H44: N | I44: N | J44: Y | K44: N | L44: N | M44: N | N44: N
B45: Is all information required in Part B2 and each associated document complete and acceptable? | C45: =100-(100*(COUNTIF(C3:C44,"No"))/((COUNTIF(C3:C44,"Yes"))+(COUNTIF(C3:C44,"No")))) -> 95 | E45: Y | F45: Y | G45: Y | H45: N | I45: N | J45: Y | K45: N | L45: N | M45: N | N45: N

Sheet B4.C4
A1: Application form Part B4 – new bespoke waste operation Application form Part C4 – bespoke variation waste operation | E1: New Bespoke Extractive Waste | F1: New Bespoke Tier 2 | G1: New Bespoke Tier 3 | H1: SRP- New or Var | I1: Variation Admin | J1: Variation MT and Normal | K1: Variation MT- SRP | L1: Transfer | M1: Surrender- Site | N1: Surrender Mobile Plant
A2: Qu # | B2: Action | C2: Yes/No/NA | D2: Comments and Document Ref. if given | E2: N | F2: Y | G2: Y | H2: N | I2: N | J2: Y | K2: N | L2: N | M2: N | N2: N
A3: 1a | B3: One table for each waste operation? All sections completed and document provided if needed? | C3: Yes | D3: only lists heat treatment, but EMS also includes shredding, separation via magnet. Need to have a full list of all the treatments being undertaken on site. These must also be included in all management plans. | E3: N | F3: Y | G3: Y | H3: N | I3: N | J3: Y | K3: N | L3: N | M3: N | N3: N | O3: Resolved 17/02/23 on Part B4. | P3: Yes
A4: 1b | B4: Waste types listed? | C4: Yes | D4: CAP_EMS_v1 (page 8) | E4: N | F4: Y | G4: Y | H4: N | I4: N | J4: Y | K4: N | L4: N | M4: N | N4: N | P4: No
A5: 1c1 | B5: Deposit for recovery Does this application for any deposit for recovery activities? | C5: N/A | D5: Not deposit for recovery | E5: N | F5: Y | G5: Y | H5: N | I5: N | J5: Y | K5: N | L5: N | M5: N | N5: N | P5: N/A
A6: 1c2 | B6: Have we confirmed it is recovery? | C6: N/A | E6: N | F6: Y | G6: Y | H6: N | I6: N | J6: Y | K6: N | L6: N | M6: N | N6: N
A7: 1c3 | B7: Has there been any changes since we agreed it was recovery? | C7: N/A | E7: N | F7: Y | G7: Y | H7: N | I7: N | J7: Y | K7: N | L7: N | M7: N | N7: N
A8: 1c4 | B8: Has a reference for the waste recovery plan been provided? | C8: N/A | E8: N | F8: Y | G8: Y | H8: N | I8: N | J8: Y | K8: N | L8: N | M8: N | N8: N
A9: 2 | B9: Emissions to air, water and land Table 2 completed for each activity listed in Table 1a? | E9: N | F9: Y | G9: Y | H9: N | I9: N | J9: Y | K9: N | L9: N | M9: N | N9: N
B10: Point source emission to air | C10: N/A | D10: Stated "n/a" | E10: N | F10: Y | G10: Y | H10: N | I10: N | J10: Y | K10: N | L10: N | M10: N | N10: N
B11: Point source emission to water (other than sewers) | C11: N/A | D11: Stated "n/a" | E11: N | F11: Y | G11: Y | H11: N | I11: N | J11: Y | K11: N | L11: N | M11: N | N11: N
B12: Point source emission to sewers, effluent treatment plants or other transfer off site | C12: N/A | D12: Stated "n/a" However Risk Assessment states "The site drains via a combined foul line that has no connection to any surface water." | E12: N | F12: Y | G12: Y | H12: N | I12: N | J12: Y | K12: N | L12: N | M12: N | N12: N | O12: Following phone conversation agreed part B4 question did not need to be answered.
B13: Point source emission to land | C13: N/A | D13: Stated "n/a" | E13: N | F13: Y | G13: Y | H13: N | I13: N | J13: Y | K13: N | L13: N | M13: N | N13: N
A14: 3a | B14: Technical standards info complete for each activity listed in Table 1a? | C14: Yes | D14: How to comply | E14: N | F14: Y | G14: Y | H14: N | I14: N | J14: Y | K14: N | L14: N | M14: N | N14: N
B15: Has a document been provided if needed? | C15: Yes | D15: CAP_EMS_v1 | E15: N | F15: Y | G15: Y | H15: N | I15: N | J15: Y | K15: N | L15: N | M15: N | N15: N
A16: 3b | B16: General requirements info complete for each activity listed? (see below) | E16: N | F16: Y | G16: Y | H16: N | I16: N | J16: Y | K16: N | L16: N | M16: N | N16: N
B17: ‘Fugitive emissions’ management plan required? | C17: N/A | D17: Stated "n/a" | E17: N | F17: Y | G17: Y | H17: N | I17: N | J17: Y | K17: N | L17: N | M17: N | N17: N
B18: Odour management plan required? | C18: N/A | D18: Stated "n/a" | E18: N | F18: Y | G18: Y | H18: N | I18: N | J18: Y | K18: N | L18: N | M18: N | N18: N
B19: Noise impact assessment and noise & vibration management plan required? | C19: Yes | D19: CAP_22-475 Capital Valley Plastics & Recycling_NIA Oct 22 CAP_NMP_v1 Oct 22 See tab for assessment | E19: N | F19: Y | G19: Y | H19: N | I19: N | J19: Y | K19: N | L19: N | M19: N | N19: N
B20: Fire prevention and mitigation plan required? | C20: Yes | D20: CAP_FPMP_v1 Oct 22 FPMP_site plan_v1 Oct 22 See tab for assessment | E20: N | F20: Y | G20: Y | H20: N | I20: N | J20: Y | K20: N | L20: N | M20: N | N20: N
A21: 3c | B21: Specific Sectors Has the relevant appendix been completed? | E21: N | F21: Y | G21: Y | H21: N | I21: N | J21: Y | K21: N | L21: N | M21: N | N21: N
B22: clinical waste; | C22: N/A | E22: N | F22: Y | G22: Y | H22: N | I22: N | J22: Y | K22: N | L22: N | M22: N | N22: N
B23: haz and non-haz recovery and disposal; | C23: N/A | E23: N | F23: Y | G23: Y | H23: N | I23: N | J23: Y | K23: N | L23: N | M23: N | N23: N
B24: CLO to land; or | C24: N/A | E24: N | F24: Y | G24: Y | H24: N | I24: N | J24: Y | K24: N | L24: N | M24: N | N24: N
B25: Inert landfill | C25: N/A | E25: N | F25: Y | G25: Y | H25: N | I25: N | J25: Y | K25: N | L25: N | M25: N | N25: N
A26: 4a | B26: Measures for monitoring document provided? | C26: N/A | D26: Stated "n/a" | E26: N | F26: Y | G26: Y | H26: N | I26: N | J26: Y | K26: N | L26: N | M26: N | N26: N
A27: 4b | B27: Point source emissions to air only Assessment provided? | C27: N/A | D27: Stated "n/a" | E27: N | F27: Y | G27: Y | H27: N | I27: N | J27: Y | K27: N | L27: N | M27: N | N27: N
B28: Is all information required in Part B4 complete and each associated document acceptable? | C28: =100-(100*(COUNTIF(C3:C27,"No"))/((COUNTIF(C3:C27,"Yes"))+(COUNTIF(C3:C27,"No")))) -> 100 | E28: N | F28: Y | G28: Y | H28: N | I28: N | J28: Y | K28: N | L28: N | M28: N | N28: N
E29: N | F29: Y | G29: Y | H29: N | I29: N | J29: Y | K29: N | L29: N | M29: N | N29: N
E30: N | F30: N | G30: N | H30: N | I30: N | J30: Y | K30: Y | L30: N | M30: N | N30: N
A31: Additional Checks - confirming the variation type- on for use with a variation | E31: N | F31: N | G31: N | H31: N | I31: N | J31: Y | K31: Y | L31: N | M31: N | N31: N
A32: Qu # | B32: Action | C32: Yes/No/NA | D32: Notes | E32: N | F32: N | G32: N | H32: N | I32: N | J32: Y | K32: Y | L32: N | M32: N | N32: N
A33: 1 | B33: Has the operator indicated it’s an administrative variation? | D33: Yes: go to Q2 No: go to Q3 | E33: N | F33: N | G33: N | H33: N | I33: N | J33: Y | K33: Y | L33: N | M33: N | N33: N
A34: 2 | B34: Is the change applied for, one of those we accept as administrative? | D34: See examples in the Scheme for guidance on what sort of changes can be accepted as administrative. Yes: we can accept the operator’s variation (change) is administrative in nature. No further consideration needed. No: the variation (change) is not administrative, it’s chargeable. Consider Q3 onwards | E34: N | F34: N | G34: N | H34: N | I34: N | J34: Y | K34: Y | L34: N | M34: N | N34: N
A35: 3 | B35: Has the operator indicated it’s a Minor Technical variation? | D35: Yes: go to Q4 No: go to Q6 | E35: N | F35: N | G35: N | H35: N | I35: N | J35: Y | K35: Y | L35: N | M35: N | N35: N
A36: 4 | B36: Is the change applied for, one of those we accept as Minor Technical? | D36: Note: refer to definition of Minor Technical in the Charging scheme. Yes: go to Q5 No: go to Q6 | E36: N | F36: N | G36: N | H36: N | I36: N | J36: Y | K36: Y | L36: N | M36: N | N36: N
A37: 5 | B37: Does any of the following apply: - the site is High Public Interest or the type of activity is contentious (it’s incineration, landfill etc.)? - the emissions/ techniques involved are complex or novel, or complex modelling is required? - there are sensitive receiving environments around the site (such as designated sites, species etc.) | D37: Yes: the variation cannot be accepted as Minor Technical – as it involves extra effort at technical determination. Consider Q7 onwards No: we can accept the operator’s variation (change) is minor technical in nature. No further consideration needed. | E37: N | F37: N | G37: N | H37: N | I37: N | J37: Y | K37: Y | L37: N | M37: N | N37: N
A38: 6 | B38: Has the operator indicated it’s a Normal variation (of a waste facility activity/permit)? | D38: Yes: go to Q7 No: go to Q8 | E38: N | F38: N | G38: N | H38: N | I38: N | J38: Y | K38: Y | L38: N | M38: N | N38: N
A39: 7 | B39: Is the change applied for, one of those we accept as Normal? In other words, is it something that can/ should actually be considered as administrative, Minor technical or Substantial? | D39: Yes: we can accept the operator’s variation (change) is normal in nature. No further consideration needed. No: go to 8 Note: Substantial variations do not normally apply to waste facility permits. | E39: N | F39: N | G39: N | H39: N | I39: N | J39: Y | K39: Y | L39: N | M39: N | N39: N
A40: 8 | B40: Conclusion Consider whether the operator has chosen the wrong variation type." What type of variation do you assess the application to be? (Look again at questions 2, 4, 5 and 7 in this table.) Talk to the operator; identify the correct ‘type’ of variation, so we can process the application accordingly. | D40: If the operator has indicated that they this it’s a substantial change, ask them why they think this is the case. See RGN 8 for guidance on what type of changes fall under a Substantial variation. Refer to the Fees and Charges Scheme for guidance on variations. | E40: N | F40: N | G40: N | H40: N | I40: N | J40: Y | K40: Y | L40: N | M40: N | N40: N

Sheet Decision and actions
A1: Decision and actions required | E1: New Bespoke Extractive Waste | F1: New Bespoke Tier 2 | G1: New Bespoke Tier 3 | H1: New SRP | I1: Variation Admin | J1: Variation MT and Normal | K1: Variation MT- SRP | L1: Transfer | M1: Surrender- Site | N1: Surrender Mobile Plant
A2: Action | B2: Yes/No/NA | C2: Date | D2: Notes | E2: Y | F2: Y | G2: Y | H2: Y | I2: Y | J2: Y | K2: Y | L2: Y | M2: Y | N2: Y
A3: Are all relevant documents present and do they appear to cover the right information? | B3: No | C3: 44963 | E3: Y | F3: Y | G3: Y | H3: Y | I3: Y | J3: Y | K3: Y | L3: Y | M3: Y | N3: Y | P3: Yes
A4: Is the fee correct? | B4: No | C4: 44963 | E4: Y | F4: Y | G4: Y | H4: Y | I4: N | J4: Y | K4: Y | L4: Y | M4: Y | N4: Y | P4: No
A5: Not duly made email sent for additional information/fee? | B5: Yes | C5: 44963 | E5: Y | F5: Y | G5: Y | H5: Y | I5: Y | J5: Y | K5: Y | L5: Y | M5: Y | N5: Y | P5: N/A
A6: Has the requested information been received by the deadline date? | B6: Yes | C6: 44984 | E6: Y | F6: Y | G6: Y | H6: Y | I6: Y | J6: Y | K6: Y | L6: Y | M6: Y | N6: Y
A7: Application returned? | B7: N/A | E7: Y | F7: Y | G7: Y | H7: Y | I7: Y | J7: Y | K7: Y | L7: Y | M7: Y | N7: Y
A8: Application withdrawn? | B8: N/A | E8: Y | F8: Y | G8: Y | H8: Y | I8: Y | J8: Y | K8: Y | L8: Y | M8: Y | N8: Y
A9: Application duly made? | B9: Yes | C9: 44986 | E9: Y | F9: Y | G9: Y | H9: Y | I9: Y | J9: Y | K9: Y | L9: Y | M9: Y | N9: Y
A10: Status on PALS updated? | B10: Yes | C10: 44986 | E10: Y | F10: Y | G10: Y | H10: Y | I10: Y | J10: Y | K10: Y | L10: Y | M10: Y | N10: Y
A11: Duly made email sent? | B11: Yes | C11: 44986 | E11: Y | F11: Y | G11: Y | H11: Y | I11: Y | J11: Y | K11: Y | L11: Y | M11: Y | N11: Y
A12: Publicise on web? | B12: Yes | C12: Request sent 02/03/23 | E12: Y | F12: Y | G12: Y | H12: Y | I12: N | J12: N | K12: N | L12: N | M12: N | N12: N
A13: Advertise in newspaper? | B13: N/A | E13: Y | F13: Y | G13: Y | H13: Y | I13: N | J13: N | K13: N | L13: N | M13: N | N13: N
A14: Publicise in Social Media ( email the link for the web advert to Comms team) | E14: Y | F14: N | G14: N | H14: N | I14: N | J14: N | K14: N | L14: N | M14: N | N14: N
A15: Consultation with Consultees (i.e. LPA, PHW, EH, HSE, PCT) | E15: Y | F15: N | G15: N | H15: N | I15: N | J15: N | K15: N | L15: N | M15: N | N15: N
A16: DM checklist saved to the DMS | B16: Yes | C16: 44986 | E16: Y | F16: Y | G16: Y | H16: Y | I16: Y | J16: Y | K16: Y | L16: Y | M16: Y | N16: Y
A17: Landfill Disposal Tax team informed | B17: N/A | E17: Y | F17: Y | G17: Y | H17: Y | I17: Y | J17: Y | K17: Y | L17: Y | M17: Y | N17: Y
E18: Y | F18: Y | G18: Y | H18: Y | I18: Y | J18: Y | K18: Y | L18: Y | M18: Y | N18: Y
A19: ‘Duly Made’ officers notes: Use this box to record conversations with the applicant/ operator, detailed reasons why the application can/cannot be duly made and any subsequent correspondence or actions. | E19: Y | F19: Y | G19: Y | H19: Y | I19: Y | J19: Y | K19: Y | L19: Y | M19: Y | N19: Y
A20: site was formerly occupied by CAPITAL VALLEY PLASTICS LIMITED, which held the same directors as the applicant until the company was sold in November 2022 and the directors resigned | E20: Y | F20: Y | G20: Y | H20: Y | I20: Y | J20: Y | K20: Y | L20: Y | M20: Y | N20: Y
A21: 06/02/22: See NDM email for missing information | E21: Y | F21: Y | G21: Y | H21: Y | I21: Y | J21: Y | K21: Y | L21: Y | M21: Y | N21: Y
A22: Responses received 17/02/23, 23/02/23 and 27/02/23. All highlghted issues have been resolved to a level where the application can be duly made- see emails and revelant sections of this document for further information. | E22: Y | F22: Y | G22: Y | H22: Y | I22: Y | J22: Y | K22: Y | L22: Y | M22: Y | N22: Y
E23: Y | F23: Y | G23: Y | H23: Y | I23: Y | J23: Y | K23: Y | L23: Y | M23: Y | N23: Y
A27: Total Yes/No per tab
A28: Doc and info check | B28: ='Doc''s & info'!B32 -> 100
A29: Part A | B29: =A!C8 -> 100
A30: Part F1 | B30: ='F1'!C20 -> 76.923077
A31: Part B1.C1 | B31: =#REF! -> #REF!
A32: Part B1.C1- Appendix 2 | B32: =#REF! -> #REF!
A33: Part B1.C1- Appendix 3 | B33: =#REF! -> #REF!
A34: Part B2.C2 | B34: ='B2.C2'!C45 -> 95
A35: Part B4.C4 | B35: ='B4.C4'!C28 -> 100
A36: Part B4.C4- Appendix 1 | B36: ='B4.C4'!#REF! -> #REF!
A37: Part B4.C4- Appendix 2 | B37: ='B4.C4'!#REF! -> #REF!
A38: Part B4.C4- Appendix 3 | B38: ='B4.C4'!#REF! -> #REF!
A39: Part B4.C4- Appendix 4 | B39: ='B4.C4'!#REF! -> #REF!
A40: Part B5.C5 | B40: =#REF! -> #REF!
A41: Part C0.5 | B41: =#REF! -> #REF!
A42: Part D2 | B42: =#REF! -> #REF!
A43: Part E2 | B43: =#REF! -> #REF!
A44: EMS | B44: =EMS!C49 -> 37.5
A45: TCM | B45: ='TCM '!C21 -> 100
A46: Risk Assessments | B46: ='Risk Assessment'!C49 -> 48.148148
A47: FPMP | B47: ='FPMP '!C75 -> 83.333333
A48: Noise | B48: =Noise!C46 -> 71.875
A49: Odour | B49: n/a
A50: Dust | B50: n/a
A51: Pests | B51: n/a
A52: DfR | B52: =#REF! -> #REF!

Sheet OPRA
A1: OPRA review
A3: TAB: Complexity_Emissions_Location
A4: Complexity Attribute has not changed- agree with A16 (non-haz)
A5: Emissions Attribute (Waste Input) has not changed- agree with 20,000 Non Haz Non Bio
A6: Location Attributes
A7: Proximity to Human Occupation has not changed- agree with <50m due to buildings to the north of the site
A8: Assessment under wildlife, countryside or habitats legislation has not changed- Agree with CRoW. 2 SSSIs within 2km, no other designated sites within 1km
A9: Groundwater/Aquifers has not changed- agree with Yes within GPZ
A10: Sensitivity of surface water has changed from no to grade 3 or 4 as the guidance states You do not need to enter a score if the site is over 10m from any receiving waters; and is an entirely enclosed system or has all surface or foul water discharging to public sewer for sewage treatment. Due to the areas of unmade ground within the permitted boundary we do not agree that the site is entirely closed. The application does not include sufficient information to allow us to agree that there are no run-off from the site. As the closest classified stretch is over 1km away, a score of 2 (grade 3 or 4) has been used.
A11: Direct run-offs has changed from no to yes- no interceptors as the guidance states "If your site has any surface water run-off you need to indicate whether or not this is via an interceptor, lockable valve, or other type of mechanism that allows the operator to control the release of contaminated drainage. This includes any surface water that drains to groundwater, surface water or unmade ground." There are areas of unmade ground within the permitted boundary. The application does not include sufficient information to allow us to agree that there are no run-off from the site.
A12: Air Quality Management Zone has not changed- agree with no
A13: Flood Plain has changed from no to yes because the site is at a high risk from surface water and small watercourses
... A21: Difference: £350

Sheet TCM 
A1: Technically Competent Manager Qualifications
A3: Document reference | B3: HROC 6 original certificates CC cert 1_haz CC cert 2_non haz CC cert 3_haz
A4: Time taken | B4: 20 minutes
A6: Guidance | B6: n/a
A8: Section | B8: Part | C8: Yes/No/NA | D8: Comments | F8: Yes
A9: General Overview | B9: Has a named TCM been provided? | C9: Yes | D9: Gareth Hill | F9: No
B10: Are they/will they be covered by a relevant technical scheme: CIWM/WAMITAB or ESA/EU? | C10: Yes | F10: N/A
A11: If WAMITAB certificates have been provided: | B11: Has primary competence been provided? | C11: Yes | D11: 4TMH (managing treatment hazarsous waste) issued 20/02/2018 HROC6 (Physical and Chemical Treatment of Hazardous Waste) issued 20/02/2018
B12: Has continuing competence been provided? | C12: Yes | D12: TSH Transfer Hazardous waste issued 20/12/2019 expired 20/12/2021 TMH Treatment Hazardous waste issued 20/12/2019 expired 20/12/2021 TSNH Transfer Non-Hazardous waste issued 18/05/2021 expires 18/05/2023 TMNH Treatment Non-Hazardous waste issued 18/05/2021 expires 18/05/2023 ELV End-of-Life Vehicles issued 18/05/2021 expires 18/05/2023 TSH Transfer Hazardous waste issued 09/03/2022 expired 09/03/2024 TMH Treatment Hazardous waste issued 09/03/2022 expired 09/03/2024 MRS Metal Recycling Sites issued 09/03/2022 expired 09/03/2024
B13: If certificates have not been provided, has proof of application for the correct course been provided? | C13: N/A
B14: If a grace period is applicable, has this been requested? | C14: N/A
B15: Is the certificate/course applied for suitable for the application applied for? | C15: Yes | D15: As per WAMITAB website: Correct qualification for activity is MROC1 and correct CC is TMNH TCM holds primary competences which can both be used for MROC1 TCM holds correct and in date (until May 2023) CC
A16: If ESA/EU certificates have been provided: | B16: Do they have a competent management system in place? | C16: N/A
B17: If not, are they relying on the 12 month grace period? | C17: N/A
B18: If relying on the grace period, have they confirmed that they will obtain necessary certification within 12 months of permit issue? | C18: N/A
B19: Has the management scheme been certified by one of the EU Skills scheme's approval bodies? | C19: N/A
A20: On site | B20: Do we consider this person to be in control of day to day activities on the site? | C20: N/A
B21: Information provided? | C21: =100-(100*(COUNTIF(C9:C20,"No"))/((COUNTIF(C9:C20,"Yes"))+(COUNTIF(C9:C20,"No")))) -> 100

Sheet EMS
A1: Environment Management System
A3: This applies to all new bespoke permits and variations. If the permit is a variation, only the relevant parts of the EMS should be updated by the operator and assessed.
A5: Document reference | B5: CAP_Environmental Management System_v1_Oct 22
A6: Time taken
A8: Guidance | B8: https://cdn.cyfoethnaturiol.cymru/media/2110/how-to-comply-with-your-environmental-permit.pdf?mode=pad&rnd=131467604540000000
A10: Section | B10: Part | C10: Yes/No/NA | D10: Comments
A11: Site plans | B11: Does it show the main features of the site and drawn to scale? | C11: No | D11: Only map that shows the main features of the site is FPMP_site plan_v1 Oct 22 but it is not drawn to scale | E11: resolved 17/02/23 | G11: Yes
B12: Including where relevant; activities, drainage, sensitive receptors | C12: No | D12: FPMP_site plan_v1 Oct 22 but it is not drawn to scale, and doesn’t show all sensitive receptors | E12: resolved 17/02/23 | G12: No
A13: Operations | B13: Does it contain information on how to avoid or minimise environmental risk and impact of the normal running operations | C13: No | D13: Operational hours for storage or treatment are not inclided in the application | E13: resolved 17/02/23 | G13: N/A
B14: Does it contain information on waste acceptance, quantities, treatment and storage procedures | C14: Yes | D14: Also in FPMP
B15: Does it contain information on storage of materials on site - storage times and procedures to ensure that these times are not exceeded - maximum storage capacities for specified storage areas and the facility as a whole and procedures to ensure that these capacities are not exceeded - maximum storage heights to prevent or minimise the emission of dust, litter and throughput management | C15: No | D15: Not in EMS- some information in FPMP | E15: resolved 17/02/23
B16: Does it contain information on a procedure to identify the specific waste types stored at your facility | C16: Yes | D16: As part of pre-acceptance and acceptance procedures
B17: Does it contain information on procedures to segregate incompatible wastes for example use of appropriate separation distances and or suitable engineering measures. | C17: Yes
B18: Does it contain information on drainage infrastructure | C18: Yes | D18: See fire tab re questions on kerbing | E18: resolved 17/02/23
B19: Does it contain information on transportation and distribution | C19: Yes
B20: Does it contain information on how any potential pollution from the above activities could impact on air, water, land and neighbours | C20: No | E20: resolved 17/02/23
B21: Does it contain information on procedures to enable you to apply the waste hierarchy of re-use, recover, recycle, dispose | C21: No | E21: resolved 17/02/23
B22: Does it contain information on Duty of Care | C22: No | E22: resolved 17/02/23
A23: Maintenance | B23: Does it contain information on the sites programme of Planned Preventative Maintenance (PPM) | C23: No | E23: resolved 17/02/23
A24: Accidents and incidents (Defined as an accident, incident or event that may result in pollution) | B24: Does it contain information on potential accidents and put in place measures to minimise them happening | C24: No | D24: Some information, but flodding not mentioned | E24: resolved 17/02/23
B25: Does it contain information on events or equipment failures that could damage the environment, for example fires, vandalism, flooding or other extreme weather events such as drought, heat waves, strong winds, snow or extreme cold | C25: No | E25: resolved 17/02/23
B26: Does it contain information on how likely these events or failures are to happen | C26: No | E26: resolved 17/02/23
B27: Does it contain information on the consequences if they do happen | C27: No | E27: resolved 17/02/23
B28: Does it contain information on the steps needed to minimise them happening | C28: No | D28: Some, but not all issue identified | E28: resolved 17/02/23
B29: Does it contain information on the steps needed to minimise any impact if they do happen | C29: No | E29: resolved 17/02/23
B30: Does it contain information on how they will record and investigate complaints, pollution incidents or breaches of your permit and the actions taken. | C30: No | E30: resolved 17/02/23
B31: Does it contain a site plan which identifies location of any emergency kits or equipment for fire, spill kits and drain caps | C31: Yes | D31: As part of FPMP_site plan_v1 Oct 22
A32: Site security | B32: Does it include information on site security? This will be dependant on the environmental risk posed by activity | C32: No | E32: resolved 17/02/23
A33: Non-compliance | B33: Does it include information on how non-compliance will be dealt with including recording, investigating and resolution | C33: Yes
A34: Closure | B34: Does it include information on the plans in place that could make closing the site far easier and cheaper and evidence of the condition of the site via an SCR (only needs to be provided for a new bespoke or variation to increase permit area) | C34: No | E34: resolved 27/02/23
A35: Complaints | B35: Does it include information on how complaints will be dealt with including recording, investigating and resolution | C35: Yes
A36: Sufficient competent persons, resources and training | B36: Does it include information on training of staff and technical competence. Also see TCM tab | C36: No | D36: TCM yes, training of staff no | E36: resolved 17/02/23
A37: Emissions and monitoring | B37: Does it include information on emissions to surface and groundwater | C37: Yes | D37: See fire tab re questions on kerbing | E37: resolved 17/02/23
B38: Does it include information on dust | C38: Yes
B39: Does it include information on mud | C39: N/A
B40: Does it include information on litter | C40: Yes
B41: Does it include information on fine particulates and fumes | C41: N/A
B42: Does it include information on VOCs | C42: N/A
B43: Does it include information on odour | C43: N/A
B44: Does it include information on noise and vibration | C44: Yes
B45: Does it include information on pests | C45: N/A
B46: Does it include information on bioaerosols | C46: N/A
A47: Records | B47: Does it include information on how records will be maintained and kept up to date | C47: No | E47: resolved 17/02/23
A48: Access to your permit | B48: Does it include information on how any interested parties will view the permit, EMS or any other relevant management systems | C48: No | E48: resolved 17/02/23
B49: Information provided? | C49: =100-(100*(COUNTIF(C11:C48,"No"))/((COUNTIF(C11:C48,"Yes"))+(COUNTIF(C11:C48,"No")))) -> 37.5

Sheet Risk Assessment
A1: Risk Assessments
A3: Document reference | B3: CAP_Environmental_RA_final_v1_Oct 22
A4: Time taken
A6: Guidance | B6: https://www.gov.uk/guidance/risk-assessments-for-your-environmental-permit
A8: Section | B8: Part | C8: Yes/No/NA | D8: Comments | F8: Yes
A9: General sections | B9: As per "How to Comply", are there general sections on the following: | F9: No
B10: a. Site operations | C10: Yes | F10: N/A
B11: b. Maintenance | C11: No
B12: c. Accidents | C12: No
B13: d. Training and records | C13: No
A14: Contents | B14: Does the risk assessment contain information on the following:
B15: a. Pollution/hazard source | C15: Yes
B16: b. Receptor that can be affected | C16: No | D16: Some missing- see below
B17: c. sources | C17: Yes
B18: d. Pathway | C18: Yes
B19: e. Harm that could be caused | C19: Yes
B20: f. Solutions | C20: No | D20: Some missing- see below
B21: g. Actions | C21: No | D21: Some missing- see below
B22: Overall, can the site operate without a significant risk to the environment? | C22: No
A23: Areas of Risk | B23: Have the risks of the following been addressed, and if required, have management plans been provided:
B24: a. Any discharges to surface or groundwater | C24: No | D24: Site is on a SPZ and bedrock aquifer. SPZ is mentioned in intro, but not is risk assessment table. Site contains areas of landscaping/grass. Concern of flooding/fire water entering groundwater
B25: b. Accidents e.g. flooding, fire, electric shock etc | C25: No
B26: c. Odour | C26: Yes
B27: d. Noise | C27: Yes
B28: e. Vibration | C28: Yes
B29: f. Dust | C29: Yes
B30: g. Pests | C30: N/A
B31: h. Litter | C31: Yes
B32: i. Fire | C32: Yes
B33: j. Flooding and flood plains, as per OPRA | C33: No | D33: Site at high risk of flooding from surface water and small watercourses. Only lists Afon Lwyd- does not detail SPZ
B34: k. Bioaerosols | C34: N/A
A35: Protected sites | B35: If present, have the following been included within the risk assessment:
B36: a. national parks | C36: N/A
B37: b. areas of outstanding natural beauty (AONBs) | C37: N/A
B38: c. sites of special scientific interest (SSSIs) | C38: No | D38: Only Blorenge SSSI, Siambre Ddu SSSI is missing from the table, but both mentioned in the intro
B39: d. special areas of conservation (SACs) | C39: N/A
B40: e. special protection areas (SPAs) | C40: N/A
B41: f. Ramsar sites (wetlands) | C41: N/A
B42: g. marine conservation zones | C42: N/A
B43: h. ancient woodlands | C43: N/A
B44: i. local sites | C44: No | D44: Protected habitats- grassland types, Listed buildings, Historic monuments, Scheduled Monuments, World Heritage site- Blaenavon Industrial Landscape, Local Wildlife Sites, Local Nature Reserve (this is mentioned)
A45: General notes | B45: Have risks been identified in terms of low, medium or high risk? | C45: Yes
B46: Have mitigation measures been included? | C46: Yes
B47: Has the assessment covered both normal and abnormal operating conditions? | C47: No
B48: Does the risk assessment meet what NRW find in their initial screening? | C48: No | D48: Missing receptors
B49: Information provided? | C49: =100-(100*(COUNTIF(C9:C48,"No"))/((COUNTIF(C9:C48,"Yes"))+(COUNTIF(C9:C48,"No")))) -> 48.148148

Sheet FPMP 
A1: Fire Prevention and Mitigation Plan (FPMP)
A3: Document reference | B3: CAP_FPMP_v1 Oct 22 FPMP_site plan_v1 Oct 22
A4: Time taken
A6: Guidance | B6: NRW FPMP Guidance No. 16 Fire prevention and mitigation plan - waste management
B7: If this colour; Guidance states that this information MUST be provided
A9: Application type | B9: Application details | C9: Yes/ No/ NA | D9: Comments | F9: Yes
A10: NEW PERMITS | B10: Is this a new bespoke permit application, that includes the acceptance and storage of combustible waste? | C10: Yes | F10: No
A11: VARIATIONS | B11: Is this variation to add a new combustible material? | C11: N/A | D11: Not a variation | F11: N/A
B12: Is this variation to add a new activity? | C12: N/A | D12: Not a variation
B13: Is this variation to increase the amount of waste stored at any one time? | C13: N/A | D13: Not a variation
B14: Is this a variation to increase the annual throughput only? | C14: N/A | D14: Not a variation
A16: Section | B16: Part | C16: Yes/No/NA | D16: Comments
A17: 5. Fire Prevention and Mitigation Plan contents | B17: Is the FPMP produced in accordance with NRW guidance? | C17: Yes
B18: Does the FPMP contain the following:
B19: The amount and type of waste received daily and how it is managed. | C19: Yes
B20: Total amount of waste and types and forms (e.g. unprocessed, shredded etc) stored on site at any one time and how it will be stored | C20: Yes
B21: Maximum time each type of waste will be stored on site | C21: Yes
B22: Maximum size of any waste stockpile - including length, width and depth | C22: Yes
B23: Minimum separation distances used | C23: Yes | D23: FPMP_site plan_v1 Oct 22
B24: Clear area around the perimeter | C24: Yes
B25: Fire prevention techniques used, including management of hotspots, self combustion, monitoring, reporting | C25: Yes
B26: Techniques used to minimise fire spreading | C26: Yes
B27: All combustion products and emissions (to air, land and water) including impact on the local community, critical infrastructure and environment). | C27: No | E27: resolved 17/02/23
B28: Contact details of sensitive receptors within 1km of the site, including human receptors (i.e. hospitals, residential areas, schools) | C28: No | E28: resolved 17/02/23
B29: Environmental receptors within 1km of the site (i.e. source protection, surface water) | C29: Yes | D29: But not all of them. Only Afon Lwyd, Garn Lakes and Blorenge SSSI have been listed | E29: resolved 17/02/23
B30: Does the site plan showing the following: | D30: All yes, but plan is not to scale | E30: Stated in phone call it is to scale. Will accept for DM
B31: where each type of waste is stored | C31: Yes
B32: layout of buildings | C32: Yes
B33: areas where hazardous materials are stored (e.g. gas cylinders, oil and fuel tanks) | C33: Yes
B34: main access route and any alternative access points | C34: Yes
B35: location of hydrants and water supplies | C35: Yes
B36: areas of natural and unmade ground | C36: Yes
B37: location of plant, pollution control equipment | C37: Yes
B38: drainage system, foul and surface water drains, their direction and outfall. | C38: Yes
B39: location of drain covers and pollution control measures - e.g. firewater containment system | C39: Yes
B40: location of sensitive receptors within 1km of the site including human receptors and environmental receptors. | C40: Yes
B41: designated quarantine area | C41: Yes
A42: 6. Common causes of fires and preventative measures | B42: Does the FPMP include a list, as per the guidance? | C42: Yes
A43: 7. Storage times and self combustion factors | B43: Is the waste at risk of self combustion? | C43: Yes
B44: If the waste is at risk of self combustion, and they are proposing to store for more than 3 months - are additional measures included? | C44: N/A | D44: Storing for max of 3 weeks
A45: 8. Managing waste material stacks | B45: Does the FPMP include how ELVs will be stored? | C45: N/A | D45: Not storing ELVs
A46: 10. Baled waste storage | B46: Does the FPMP include how they are reducing the risk of fire occurring within the bales? | C46: Yes
A47: 11. Enclosing stacks using bales and walls | B47: Do the bays or walls between the stacks provide fire resistance for 120 mins? | C47: No | D47: Type given- Legato L8 blocks- but no other information | E47: Resolved 17/02/23
B48: Has evidence of the product specification been included? | C48: No
A49: 12. Waste stored within a building | B49: Have they included general principals on fire prevention and mitigation? | C49: N/A | D49: Waste not stored in the builing, only treated
A50: 13. Waste stored in containers | B50: Does the FPMP include how containers will be moved? | C50: N/A | D50: Not stored in containers
A51: 15. Seasonality and waste stack management | B51: Does the FPMP include information on waste stack management, i.e. the contracts in place to ensure that they have end user outlets. | C51: N/A | D51: Waste once treated meets end of waste
A52: 16. Monitoring and turning of stacks | B52: Does the FPMP include monitoring that will be carried out? | C52: Yes
B53: Does the FPMP explain what indicators will be used in relation to temperature and moisture content and what action will be taken in relation to these? | C53: Yes
A54: 17. Fire detection | B54: Does the FPMP include how they will detect fire in early stages? | C54: Yes
A55: 18. Fire suppression systems | B55: If a fire suppression system is proposed, does the FPMP include what type of system it is? | C55: Yes | D55: Inside building only
A56: 19. Firefighting strategy | B56: Does the FPMP include heavy mobile plant available to move waste? | C56: Yes
B57: Does the FPMP include the suitability of the heavy plant? | C57: Yes
B58: Are trained staff available to move waste? | C58: Yes
A59: 20. Water supplies | B59: Has amount of water required for largest stack been calculated? | C59: Yes | D59: For a 300m3 pile, 2000 litres per minute of water is needed. For a 1m3 pile 6.67 litres per minute is needed. The largest single pile on site will be 75m3, therefore 500 litres is needed, for a 3 hours this is 90,000 litres (of 90 m3). FPMP states 90m3 is needed.
B60: Does the FPMP include where the water supply will come from? | C60: Yes | D60: Multiple hydrants- 2 on site, one off site.
B61: Have they included information to demonstrate the hydrant is suitable? | C61: Yes
B62: If using alternative sources (i.e. river) has information been included to support that this is a reliable source? | C62: No | D62: Also refs a "site storage tank" but provides no further details | E62: Resolved 17/02/23
A63: 21. Managing water run-off | B63: Does the FPMP include measures to contain fire water run-off? | C63: Yes | D63: Drain mats. Kerbs to contain, but no sizes given Flood gates, but no locations given on site plan. How quickly can they be errected? | E63: Resolved 17/02/23
B64: Does the FPMP include calculations to demonstrate how much water can be contained? | C64: No | D64: No information given | E64: Resolved 17/02/23
B65: If firewater is being discharged to sewer, has evidence of approval from the sewage company been included? | C65: N/A | D65: Retained on site
B66: Have measures to prevent firewater reaching groundwater and surface water been included? | C66: No | D66: Site is on a Source Protection Zone, and there are several areas of grass within site boundary. No clear how fire water will be prevented from reaching grass areas given lack of information. | E66: Resolved 17/02/23
A67: 22. Designated quarantine area | B67: Does the FPMP include a quarantine area? | C67: Yes
B68: Does it include separation distances? | C68: Yes | D68: on FPMP_site plan_v1 Oct 22; 9m from building, 19/22m from buildings
B69: Does it state how much waste it can contain? | C69: Yes
B70: Is the quarantine area within the permitted boundary? | C70: Yes
A71: 23. During and after an incident | B71: Does the FPMP include contingency measures during and after a fire? i.e. diverting waste, notifying those who may be affected | C71: Yes
B72: Does the FPMP include a plan to notify those who may be affected by the fire? | C72: Yes
B73: Does the FPMP include how the site will be cleared and decontaminated? | C73: Yes
A74: 24. Reviewing and monitoring your FPMP | B74: Does the FPMP include when it will be reviewed? | C74: Yes
B75: Information provided? | C75: =100-(100*(COUNTIF(C39:C74,"No"))/((COUNTIF(C39:C74,"Yes"))+(COUNTIF(C39:C74,"No")))) -> 83.333333

Sheet Noise
A1: Noise Impact Assessment and Management Plan
A3: Document reference | B3: CAP_22-475 Capital Valley Plastics & Recycling_NIA Oct 22 CAP_NMP_v1 Oct 22
A4: Time taken
A6: Guidance | B6: Noise impact assessments involving calculations or modelling
A8: Section | B8: Part | C8: Yes/No/NA | D8: Comments | F8: Yes
A9: NIA | B9: Is a Noise Impact Assessment required? use the qualitative noise screening tool to help guide your decision. | C9: Yes | D9: Tool has identified that NIA and NMP are required. Site is to run continually from Monday to Friday. Nearest receptor is approx. 52 meters away | F9: No
B10: Has a NIA been provided? | C10: Yes | F10: N/A
B11: Has the NIA report been produced in line with BS4142? | C11: Yes
A12: Does the NIA include information on the following (as required by Clause 12 of BS4142) | B12: Statement of competency for all persons contributing to the assessment | C12: Yes | D12: Victor Valeron- BEng MSc MIOA Antony Best- BSc-(Hons) MIOA Also Appendix C
B13: Description of source(s) being assessed, including: - the main sound sources and specific sound - operational times, including operational times of plant - description of site layout and location of main sound sources | C13: Yes | D13: Although it doesn’t appear that the treatment plant itself is listed Figure 2 is poor quality, and doesn’t include waste storage areas or forklift movement routes | E13: 17/02/23- site plan improved. Treatment plant deemed to be "not acoustically relevent". Further information needed
B14: Subjective impressions of the specific sound and main sound sources contributing to residual sound | C14: Yes | D14: Table 3
B15: Identification of nearest sensitive receptors and description of the existing context, including an assessment of the sensitivity of the receptor, e.g. school, dwelling, office. | C15: Yes | D15: Table 3 and Figure 3
B16: Plan showing measurement locations and description including distance from sound source, intervening ground. A justification for the choice of measurement locations should also be included. | C16: Yes | D16: Table 3 and Figure 3
B17: Equipment used, including calibrator or pistonphone: - type and/or model; - manufacturer; - serial number; and - details of the latest verification test including dates. | C17: Yes | D17: Section 4.2 Certificates in Appendix D
B18: Field calibration test, including meter reading(s) before and after measurements with calibrator | C18: Yes | D18: Section 4.2
B19: Weather conditions, including wind speed(s) and direction(s), precipitation, temperature, etc | C19: Yes | D19: Section 4.2- Only anecdotally- need weather data i.e. wind speed/ wind direction | E19: 17/02/23- information provided in Appendix B
B20: Date(s) and time(s) of measurements. | C20: Yes | D20: Section 4.1
B21: Sound levels and method of determination for: - residual - ambient - specific | C21: Yes | D21: Table 4. No specific sound level at MP2, although this is justified
B22: Background sound level(s) (LA90) and measurement time interval(s) and, in the case of measurements taken at an equivalent location, the reasons for presuming it to be equivalent. | C22: Yes
B23: Rating level(s) - specific sound level plus any acoustic features of the specific sound | C23: Yes | D23: Section 4.4.4
B24: Initial impact assessment - excess of the rating level(s) over the measured background sound level(s) | C24: Yes | D24: Section 4.4.5
B25: Conclusions of the assessment after taking context into account. | C25: Yes | D25: Section 5 and 6
B26: The potential impact of uncertainty | C26: Yes | D26: Made reference to it
A27: Significant adverse impact | B27: Where the NIA concludes significant adverse impact (taking account of context), have mitigation / controls been included to prevent or minimise impact? Have these been quantified in decibels? | C27: No | D27: Mitigation/control given. But not quantified. | E27: 17/02/23- provided further information. To be assessed at determiantion
A28: Variation only | B28: Does the NIA consider all the noise resulting from the proposed variation – the existing site and the variation together? Both components should be shown and then added together to give a new total for site noise at the receptors. | C28: N/A | D28: Not a variation application
A29: Raw data | B29: Has the following raw data been provided? | C29: Yes
B30: If sound levels have been measured, has the measurement data been provided? | C30: Yes | D30: Section 4.3.1 and 4.3.2 and Appendix B
B31: If sound levels have been calculated, have the calculations been provided? | C31: N/A
B32: If sound levels have been modelled, have the modelling files been provided? And are they in a format we can use? i.e. SoundPlan, CadnA, or .qsi file format. | C32: N/A | D32: No modelling carried out
B33: Where modelled, has all relevant numerical data been provided as required guidance on noise impact assessments involving calculations or modelling? | C33: N/A | D33: No modelling carried out
A34: Noise Management Plan | B34: If an adverse impact or significant adverse impact is concluded by the NIA, has a Noise Management Plan been provided? | C34: Yes
B35: Does the NMP information on the following:
B36: Commitment to regular review the effectiveness on the NMP | C36: No | E36: 17/02/23- no updated NMP provided | F36: 23/02/23- updated NVMP provided | G36: Wording added to section 6
B37: Commitment to ensure noise control equipment is designed, operated and maintained appropriately | C37: No | D37: No real noise control equipment has been proposed. Section 5 for "noise management" | E37: 17/02/23- no updated NMP provided | F37: 23/02/23- updated NVMP provided | G37: Wording added to section 5
B38: Identified sources of noise in normal and abnormal situations | C38: No | D38: Not abnormal, does not include treatment plant | E38: 17/02/23- no updated NMP provided | F38: 23/02/23- updated NVMP provided | G38: Wording added to section 3.3
B39: Identified anticipated incidents that may influence noise risk, e.g., weather, breakdowns etc | C39: No | E39: 17/02/23- no updated NMP provided | F39: 23/02/23- updated NVMP provided | G39: Wording added to section 3.3
B40: Appropriate controls (measures) to manage identified risks | C40: No | D40: Some in section 5- but not comprehensive enough given the significant adverse impact | E40: 17/02/23- no updated NMP provided | F40: 23/02/23- updated NVMP provided | G40: Wording added to section 5
B41: Monitoring | C41: Yes | D41: Section 6
B42: Details of actions, contingencies and responsibilities if problems arise | C42: No | E42: 17/02/23- no updated NMP provided | F42: 23/02/23- updated NVMP provided | G42: Wording added to section 6.3
B43: Procedures in place to avoid serious noise pollution e.g. reducing / ceasing operations | C43: No | E43: 17/02/23- no updated NMP provided | F43: 23/02/23- updated NVMP provided | G43: Wording added to section 7
B44: Engaging with neighbours | C44: No | E44: 17/02/23- no updated NMP provided | F44: 23/02/23- updated NVMP provided | G44: Wording added to section 6.3
B45: Responding to complaints | C45: Yes | D45: Section 7
B46: Information provided? | C46: =100-(100*(COUNTIF(C9:C45,"No"))/((COUNTIF(C9:C45,"Yes"))+(COUNTIF(C9:C45,"No")))) -> 71.875

Sheet Odour
A1: Odour Management Plan
A3: This checklist is suitable for most waste operations but if your dealing with an application for: - clinical waste you may wish to also consider 'How to comply with your environmental permit additional guidance for clinical waste'. - biowaste treatment you may wish to also consider the following industry guidance document produced by The Composting Association 'an industry guide for the prevention and control of odour at biowaste processing facilities'.
A5: Document reference | B5: n/a
A6: Time taken | B6: n/a
A8: Guidance | B8: How to comply with your environmental permit additional guidance for clinical waste
B9: An industry guide for the prevention and control of odour at biowaste processing facilities
A11: Section | B11: Part | C11: Yes/No/NA | D11: Comments | F11: Yes
A12: Is an Odour Management Plan required? | B12: a) Is the site undertaking an activity for 'which odour is a key issue' as outlined in 'how to comply with your environmental permit' guidance | C12: N/A | D12: OMP is not required due to waste and activity type | F12: No
B13: b) Has the site's risk assessment highlighted there is a risk of odour from this activity? | C13: N/A | F13: N/A
B14: c) If variation, has operations indicated that there is an issue with odour from the facility | C14: N/A
A15: Odour Modelling | B15: Does the application include Odour Modelling?
A16: Site Overview | B16: Does the OMP provide an overview of site operations?
B17: Does the OMP include key details: a) operating hours
B18: b) activities undertaken on site
B19: c) waste codes
B20: d) daily / annual throughput limit
B21: e) storage quantities (max) for odorous wastes
A22: Site Setting & Site Plan | B22: a) Does the OMP provide an description of the site location and does this identify key receptors and designations.
B23: b) Does the OMP contain a site layout plan/s that demonstrates the following: i) North arrow
B24: ii) Wind rose (can be provided separately)
B25: iii) Scale
B26: iv) Site Surfacing
B27: v) All waste storage areas
B28: vi) Layout of internal waste storage areas
B29: vii) Monitoring points
A30: Odour Emissions: Sources, Impacts, and Control and Mitigation Measures | B30: a) Does the OMP appear to consider all odorous wastes (source materials) and odour generating activities (releases) included in the application.
B31: b) Does the OMP appear to outline all the potential impacts of odour emissions and does this correlate with the sensitive receptors highlighted and outlined in OMP regarding the site setting?
B32: c) Does the OMP appear to outline a number or controls or mitigation measures?
A33: Monitoring of Odour Emissions | B33: Does the OMP outline how odour emissions are detected during day to day operation? Do the monitoring methods appear to cover all potential sources of odour?
A34: Complaints Procedure | B34: a) Does the OMP outline a suitable complaints procedure?
B35: b) Does the OMP outline what will occur in the event of a or multiple complaint/s being received in a short time. This should trigger a review of the current odour controls and whether anything else needs to be implemented.
A36: Training, Record Keeping and Review of the OMP | B36: a) Does the OMP outline how staff will be trained on the OMP?
B37: b) Does the OMP outline how appropriate records will be kept (for example of monitoring, complaints)?
B38: c) Does the OMP outline how the records of the monitoring and complaints will be reviewed with the aim of improving operations on site?
B39: d) Does the OMP outline how regularly and when the entire OMP will be reviewed?
B40: Information provided? | C40: =100-(100*(COUNTIF(C12:C39,"No"))/((COUNTIF(C12:C39,"Yes"))+(COUNTIF(C12:C39,"No")))) -> #DIV/0!

Sheet Dust 
A1: Dust Emissions Management Plan
A3: Document reference | B3: n/a
A4: Time taken | B4: n/a
A6: Guidance | B6: n/a
A8: Section | B8: Part | C8: Yes/No/NA | D8: Comments | G8: Yes
A9: Is an DEMP required? | B9: Does the site fall within the scope of the following Environment Agency's Control and monitor emissions for your environmental permit guidance (dust section). | C9: N/A | D9: DEMP not required due to waste and activity types | G9: No
A10: Site Overview | B10: Does the DEMP provide an overview of site operations? | G10: N/A
B11: Does the DEMP include key details: a) operating hours
B12: b) activities undertaken on site
B13: c) waste codes
B14: d) daily / annual throughput limit
A15: Site Setting and Site Plan | B15: a) Does the DEMP provide an description of the site location and does this identify key receptors and designations?
B16: b) Does the DEMP contain a site layout plan/s that demonstrates the following: North arrow
B17: Wind rose (can be provided separately)
B18: Scale
B19: Site Surfacing
B20: All waste storage areas
B21: Layout of internal waste storage areas
B22: Visual monitoring points
A23: Dust Emissions: Sources, Impacts, and Control and Mitigation Measures | B23: a) Does the DEMP appear to consider all waste types and waste treatment activities that could result in dust emissions from site.
B24: b) Does the DEMP appear to outline all the potential impacts of DEMP emissions and does this correlate with the sensitive receptors highlighted and outlined in DEMP regarding the site setting?
B25: c) Does the DEMP list a range of dust control measure and mitigation measures?
A26: Monitoring Dust Emissions and Weather Conditions | B26: a) visual monitoring and how dust emissions are detected
B27: b) How they will monitor the weather conditions
A28: Complaints Procedure | B28: a) Does the DEMP outline a suitable complaints procedure?
B29: b) Does the DEMP outline what will occur in the event of a or multiple complaint/s being received in a short time. This should trigger a review of the current odour controls and whether anything else needs to be implemented.
A30: Training, Record Keeping and Review of the OMP | B30: a) Does the DEMP outline how staff will be trained on the DEMP ?
B31: b) Does the DEMP outline how appropriate records will be kept (for example of monitoring, complaints)?
B32: c) Does the DEMP outline how the records of the monitoring and complaints will be reviewed with the aim of improving operations on site?
B33: d) Does the DEMP outline how regularly and when the entire DEMP will be reviewed?
B34: Information provided? | C34: =100-(100*(COUNTIF(C9:C33,"No"))/((COUNTIF(C9:C33,"Yes"))+(COUNTIF(C9:C33,"No")))) -> #DIV/0!

Sheet Pests
A1: Pests Management Plan
A3: Document reference | B3: n/a
A4: Time taken | B4: n/a
A6: Guidance | B6: How to comply with your environmental permit
B7: Control and monitor emissions for your environmental permit - GOV.UK (www.gov.uk)
B8: Fly management: how to comply with your environmental permit Version 1- April 2013
A10: Section | B10: Part | C10: Yes/No/NA | D10: Comments
A11: Is a PMP required? | B11: Is a dedicated pests management plan required? This will depend on the types of wastes accepted, treatment types etc | C11: N/A | D11: PMP is not required due to waste and activity types | G11: Yes
A12: Site Overview | B12: Does the PMP provide an overview of site operations? | G12: No
B13: Does the PMP include key details: a) operating hours | G13: N/A
B14: b) activities undertaken on site
B15: c) waste codes
B16: d) daily / annual throughput limit
A17: Site Setting | B17: Does the PMP provide an description of the site location and does this identify key receptors and designations that would be relevant to pests such as human receptors.
A18: Site Plan | B18: Is there a site plan present in the PMP?
B19: Does it contain the following: 1) North arrow
B20: 2) Scale
B21: 3) All waste storage areas
B22: 4) Layout of internal waste storage areas
B23: 5) Monitoring points
A24: Sources of pests | B24: Does the PMP appear to consider all wastes and activities included in the application that could cause/attract pests?
A25: Wider contents: Does the PMP include sections that discuss the following: | B25: a) monitoring and how pests are detected
B26: b) pest control or mitigation measures Does the PMP contain any appropriate measures? How to comply gives possible appropriate measures to reduce pest problems as: - regular inspections by nominated personnel - isolation and securing/removal of wastes that are attracting scavengers or flies - employing professional pest controllers, either directly or by contract - effective scaring or other deterrent methods - netting
B27: c) how they will handle complaints and the how they will respond
B28: d) how the PMP will be reviewed following an incident or high number of complaints
B29: e) how staff will be trained on contents of plan?
A30: Flies | B30: Has Table 4. On site and Pest Management Plan (PMP) assessment – Template check list for Waste Sites been completed/referenced?
B31: 1. Ensure that staff are trained in key areas, for example the significance of flies, using control techniques and waste rejection procedures.
B32: 2. Monitor fly numbers and the extent of breeding sites.
B33: 3. Select and implement the most appropriate long-term fly prevention methods, such as drying or removing manure, confining or covering waste materials, and using predators.
B34: 4. Select appropriate insecticidal fly control techniques, bearing in mind the need to minimise the impact of resistance, and the impact on beneficial organisms.
B35: 5. Decide the trigger level in fly populations for pesticide treatments, based on the timing of fly complaints from neighbours.
B36: 6. Regularly review effectiveness of the fly control methods.
B37: Information provided? | C37: =100-(100*(COUNTIF(C11:C36,"No"))/((COUNTIF(C11:C36,"Yes"))+(COUNTIF(C11:C36,"No")))) -> #DIV/0!
